 Dungeon Crawl Stone Soup version 0.23.2-1-ga50397a6bc (webtiles) character file.

Game seed: 5873275770774611755

891 Menchi the Shooter (level 8, -3/67 HPs)
             Began as a Ghoul Hunter on May 8, 2019.
             Slain by an iguana (5 damage)
             ... on level 4 of the Dungeon.
             The game lasted 00:09:11 (2686 turns).

Menchi the Shooter (Ghoul Hunter)                   Turns: 2686, Time: 00:09:11

Health: -3/67      AC:  6    Str: 18    XL:     8   Next: 6%
Magic:  7/7        EV: 13    Int:  6    God:
Gold:   135        SH:  0    Dex:  9    Spells: 7/7 levels left

rFire    . . .     SeeInvis .   l - +3 dagger (venom)
rCold    + . .     Gourm    .   (no shield)
rNeg     + + +     Faith    .   e - +3 leather armour
rPois    ∞         Spirit   .   (no helmet)
rElec    .         Reflect  .   (no cloak)
rCorr    +         Harm     .   (no gloves)
MR       .....                  (no boots)
Stlth    +.........             g - amulet of the acrobat
HPRegen  0.00/turn              o - ring of resist corrosion
MPRegen  0.10/turn              (no ring)

@: rotting
A: rotting body, claws 1, carnivore, cold resistance 1, negative energy
resistance 3, inhibited regeneration, torment resistance, unbreathing
a: no special abilities


You were on level 4 of the Dungeon.
You were not hungry.

You visited 1 branch of the dungeon, and saw 4 of its levels.

You collected 135 gold pieces.

Inventory:

Hand Weapons
 a - a +1 shortbow
 l - a +3 dagger of venom (weapon)
Missiles
 d - 41 arrows
Armour
 e - a +3 leather armour (worn)
Jewellery
 g - an amulet of the acrobat (around neck)
 o - a ring of resist corrosion (left claw)
Scrolls
 c - a scroll of enchant weapon
 i - a scroll of teleportation {unknown}
 n - 2 scrolls of immolation {unknown}
 r - 4 scrolls of identify
Potions
 h - 2 potions of might
 j - 2 potions of degeneration
 k - 3 potions of resistance
 m - 2 potions of magic
 p - a potion of mutation {unknown}
 q - a potion of curing {unknown}
 s - a potion of cancellation {unknown}
Comestibles
 f - 9 rations


   Skills:
 - Level 4.7 Fighting
 * Level 6.3 Bows
 + Level 3.4 Armour
 + Level 3.9 Dodging
 - Level 1.1 Stealth


You had 7 spell levels left.
You didn't know any spells.
Your spell library was empty.

Dungeon Overview and Level Annotations

Branches:
Dungeon (4/15)
 Temple: D:4-7

Altars:
Gozag
Nemelex Xobeh
Sif Muna
Wu Jian
The Shining One


Innate Abilities, Weirdness & Mutations

Your body is rotting away.
You thrive on raw meat.
You are immune to poison.
You have sharp fingernails.
You are carnivorous and can eat meat at any time.
Your flesh is cold resistant. (rC+)
You are immune to negative energy. (rN+++)
You do not regenerate when monsters are visible.
You are immune to unholy pain and torment.
You can survive without breathing.


Message History

Dowan is severely wounded.
Dowan hits you with a +2 vampiric dagger.
* * * LOW HITPOINT WARNING * * *
You barely miss Dowan.
Dowan is severely wounded.
Dowan points at you and mumbles some strange words.
The shard of ice hits you! You partially resist.
* * * LOW HITPOINT WARNING * * *
You hit Dowan.
Dowan is poisoned.
Dowan is almost dead.
Dowan points at you and mumbles some strange words.
The shard of ice misses you.
Okay, then.
You barely miss Dowan.
Dowan is almost dead.
You kill Dowan!
You have reached level 8!
The phantom blinks!
You closely miss the iguana. The iguana bites you.
You die...

............>.###
.................
#............#.#
#..)...........######
..#..................### #
#.......)...###.####...###
####..%§#..# #...##....##
####l#.## ###.###....#
#.@.######.# ##....
##......##.# ###..
#..###.##.# ##..
##..###.##.# #..#
#..(..#..#.# #.#.
#..###.)....# ###... #...#
#...#..# #...## #.##
#...#..###..## #.
#...#.>..#..#


You could see an iguana.

Vanquished Creatures
  Sigmund (D:3)
  Duvessa (D:4)
  Dowan (D:4)
  2 scorpions (D:4)
  A howler monkey (D:2)
  4 hounds (D:4)
  3 worker ants
  3 orc wizards
  9 adders
  5 worms
  A dart slug (D:3)
  5 leopard geckos
  4 orcs (D:4)
  6 bats
  5 giant cockroaches
  7 goblins
  8 hobgoblins
  9 jackals
  A ball python skeleton (D:4)
  6 frilled lizards
  5 kobolds
  8 rats
95 creatures vanquished.

Notes
Turn   | Place    | Note
-------+----------+-------------------------------------------
     0 | D:1      | Menchi the Ghoul Hunter began the quest for the Orb.
     0 | D:1      | Reached XP level 1. HP: 17/17 MP: 0/0
   121 | D:1      | Reached XP level 2. HP: 25/25 MP: 1/1
   269 | D:1      | You fall through a shaft!
   294 | D:2      | Reached XP level 3. HP: 22/30 MP: 2/2
   347 | D:2      | Reached skill level 4 in Bows
   349 | D:2      | Reached skill level 1 in Armour
   465 | D:2      | Reached XP level 4. HP: 19/38 MP: 3/3
   526 | D:2      | Reached XP level 5. HP: 16/45 MP: 4/4
  1528 | D:3      | Found an opulent altar of Gozag.
  1600 | D:3      | Found an ornate altar of the Wu Jian Council.
  1677 | D:3      | Noticed Sigmund
  1684 | D:3      | Killed Sigmund
  1684 | D:3      | Reached XP level 6. HP: 44/53 MP: 5/5
  1788 | D:3      | Found a glowing golden altar of the Shining One.
  1820 | D:3      | Reached skill level 5 in Bows
  1924 | D:3      | Found a deep blue altar of Sif Muna.
  2269 | D:3      | Found a sparkling altar of Nemelex Xobeh.
  2465 | D:4      | Reached XP level 7. HP: 58/60 MP: 6/6
  2615 | D:4      | Noticed Duvessa
  2616 | D:4      | Noticed Dowan
  2649 | D:4      | Killed Duvessa
  2649 | D:4      | Reached skill level 6 in Bows
  2683 | D:4      | HP: 2/60 [Dowan/shard of ice (7)]
  2685 | D:4      | Killed Dowan
  2685 | D:4      | Reached XP level 8. HP: 2/67 MP: 7/7
  2686 | D:4      | Slain by an iguana

Skill      XL: |  1  2  3  4  5  6  7 |
---------------+----------------------+-----
Dodging        | 2 3 |  3.9
Bows           | 4 5 6 |  6.3
Armour         | 1 2 3 |  3.4
Fighting       | 3 4 |  4.7
Stealth        | |  1.1

Action                   |  1- 3 |  4- 6 |  7- 9 || total
-------------------------+-------+-------+-------++-------
Melee: Dagger            |    57 |   154 |    88 ||   299
 Fire: Shortbow          |    22 |     4 |       ||    26
  Use: Scroll            |       |    10 |       ||    10
  Eat: Chunk             |     6 |    18 |    12 ||    36
Armor: Leather armour    |    18 |    43 |    33 ||    94
Dodge: Dodged            |    37 |   113 |    88 ||   238
